 Dungeon Crawl Stone Soup version 0.31.0-32-g396128a36d (webtiles) character file.

Game seed: 7321150770754436429

136 Doomgape the Ruffian (level 5, 0/46 HPs)
             Began as a Naga Shapeshifter on Mar 11, 2024.
             Killed from afar by an orc wizard (7 damage)
             ... with a magic dart
             ... on level 3 of the Dungeon.
             The game lasted 00:04:38 (1985 turns).

Doomgape the Ruffian (Naga Shapeshifter)            Turns: 1985, Time: 00:04:39

Health: 0/46       AC:  3    Str: 18    XL:     5   Next: 19%
Magic:  5/5        EV:  9    Int: 11    God:
Gold:   157        SH:  0    Dex: 10    Spells: 4/4 levels left

rFire   . .          .
                       - Unarmed
rCold   . . .        (no shield)
rNeg    . . .        f - +0 leather armour
rPois   +            (helmet currently unavailable)
rElec   .            (cloak currently unavailable)
rCorr   .            (gloves currently unavailable)
SInv    +            (no barding)
Will    .....        (no amulet)
Stlth   +            (no ring)
HPRegen 0.27/turn    (no ring)
MPRegen 0.09/turn

%: no passive effects
@: beast-form, very slow
A: beast (slay +2), AC +1, large, see invisible, deformed body, poison
resistance, slowness 2, spit poison 1, naga tail 1
a: Spit Poison, Begin Untransformation


You were on level 3 of the Dungeon.
You were a hulking beast.
You visited 1 branch of the dungeon, and saw 3 of its levels.

You collected 157 gold pieces.

Inventory:

Armour
 f - a +0 leather armour (worn)
Talismans
 c - a beast talisman
 d - a flux talisman
Scrolls
 a - a scroll of summoning {unknown}
 g - a scroll of enchant armour {unknown}
 h - a scroll of identify {unknown}
 i - a scroll of teleportation {unknown}
Potions
 b - 2 potions of lignification
 e - a potion of enlightenment {unknown}
 j - a potion of heal wounds {unknown}


   Skills:
 + Level 2.4 Fighting
 + Level 2.5 Dodging
 + Level 3.8 Unarmed Combat
 + Level 3.7 Shapeshifting


You had 4 spell levels left.
You didn't know any spells.
Your spell library contained the following spells:

 Spells                   Type           Power      Damage    Failure   Level
 Slow                     Hex            0%         N/A       38%         1
 Confusing Touch          Hex            0%         N/A       77%         3
 Sigil of Binding         Hex            0%         N/A       77%         3
 Vampiric Draining        Necr           0%         2d6       77%         3


Dungeon Overview and Level Annotations

Branches:
Dungeon (3/15)

Altars:


Innate Abilities, Weirdness & Mutations

You are a hulking beast.
Your limbs bulge with bestial killing power. (Slay +2)
Your serpentine skin is tough. (AC +1)
You have supernaturally acute eyesight. (SInv)
Armour fits poorly on your strangely shaped body.
Your system is resistant to poisons. (rPois)
You cover ground very slowly.
You can spit poison.
You have a snake-like lower body.


Message History

You kill the frilled lizard!
The orc wizard hits you with a +0 dagger.
The orc priest looks encouraged for a moment.
The orc wizard hits you but does no damage.
You see here a frilled lizard corpse.
You hit the orc wizard.
The orc wizard is moderately wounded.
The orc wizard hits you with a +0 dagger.
The orc priest miscasts a cantrip.
The orc hits you with a +0 flail.
You hit the orc priest.
The orc priest is moderately wounded.
The orc priest misses you. The orc wizard casts a spell at you.
You resist with some effort. The orc hits you with a +0 flail!
Unknown command.
You closely miss the orc priest.
The orc priest is moderately wounded.
The orc wizard closely misses you. The orc priest barely misses you.
The orc hits you with a +0 flail.
Unknown command.
You hit the orc priest.
The orc priest is severely wounded.
The orc priest hits you with a +0 club.
* * * LOW HITPOINT WARNING * * *
The orc wizard hits you but does no damage.
The orc hits you with a +0 flail.
* * * LOW HITPOINT WARNING * * *
You hit the orc priest.
You kill the orc priest!
The orc wizard gestures wildly while chanting.
The orc wizard flickers and vanishes for a moment.
The orc hits you with a +0 flail.
* * * LOW HITPOINT WARNING * * *
You have reached level 5!
You hit the orc wizard.
The orc wizard is heavily wounded.
The orc wizard casts a spell at you. The magic dart hits you!
You die...

#.#.# #. .#
#.#.# #. #.#
#.#.# #. #.#
#.#.# #.##.#
#.#.# #..#.#
#.#.# #..#.#
#.#.# #..#.###
#.#.# #.)o)o.#
#.#.#
#..#h#.....
##.#.######.#.#
.[.
#.............#
.
##...####.#.###
#.### #.#.# #.#
#.#.# #.# #.#.#
#.# #.#.# #.#
#.#..


You could see an orc wizard (invisible) and an orc.

Vanquished Creatures
  An orc priest (D:3)
  6 adders
  3 dart slugs
  3 orcs (D:3)
  4 endoplasms
  4 giant cockroaches
  5 goblins
  4 hobgoblins (D:2)
  A jackal (D:2)
  2 kobolds
  2 ball pythons (D:1)
  4 bats
  3 frilled lizards
  5 rats
47 creatures vanquished.

Notes
Turn   | Place    | Note
-------+----------+-------------------------------------------
     0 | D:1      | Doomgape the Naga Shapeshifter began the quest for the Orb.
     0 | D:1      | Reached XP level 1. HP: 18/18 MP: 1/1
   199 | D:1      | Reached XP level 2. HP: 23/25 MP: 2/2
   793 | D:2      | Reached XP level 3. HP: 27/31 MP: 3/3
  1190 | D:2      | Reached XP level 4. HP: 24/39 MP: 4/4
  1535 | D:2      | Identified the +7 sling "Faymebra" {elec, *Corrode rF+
                  | Int+4 Dex+7}
  1985 | D:3      | Reached XP level 5. HP: 7/46 MP: 5/5
  1985 | D:3      | Killed from afar by an orc wizard

Illustrated notes

Levels and vault maps discovered:
D:1:      evilmike_arrival_crescent, layout_rooms, patterned_corridor
D:2:      layout_rooms, serial_co_window_serial, co_window_of_opportunity_a,
          co_window_corner_a, co_window_paths_a, co_window_corner_a,
          co_window_corner_a, co_window_paths_a, co_window_paths_a,
          co_window_cross_2, co_window_cross_4, co_window_broadway_c,
          co_window_paths_c, co_window_2corner, co_window_broadway_b,
          glass_columns_b, glass_columns_c, glass_columns_b, glass_columns_c,
          glass_columns_c, minmay_tetromino_i4
D:3:      layout_basic, minmay_pentangle, uniq_robin

Skill      XL: |  1  2  3 |
---------------+----------+-----
Dodging        | 2 |  2.5
Fighting       | 2 |  2.4
Unarmed Combat | |  3.8
Shapeshifting  | |  3.7

Action                     |  1- 3 |  4- 6 || total
---------------------------+-------+-------++-------
  Melee: Unarmed           |    80 |    74 ||   154
         Punch             |     1 |     1 ||     2
    Use: Scroll            |     3 |       ||     3
 Armour: Leather armour    |    56 |    50 ||   106
  Dodge: Dodged            |    57 |    32 ||    89
